Thunder vs Wolves
Created - 11 février 2015 at 23:33
Goals
|
Thunder |
1 |
2 |
0 |
3 |
Wolves |
2 |
2 |
1 |
5 |
|
Shots
|
Thunder |
8 |
9 |
7 |
24 |
Wolves |
8 |
15 |
8 |
31 |
|
1st period
1. Wolves , Nathan Davis 25 (Tim Crowder, Chris Terry) at 7:20
2. Wolves , Chris Neil 17 (Mike Zigomanis, Dmitry Kulikov) at 7:32
3. Thunder , Dany Roussin 24 (Ray Macias, Pierre-Alexandre Parenteau) at 8:47
Penalties :
Dmitry Kulikov (Min) for Boarding (Minor) at 17:27
2nd period
4. Wolves , Milan Bartovic 27 (Dan Fritsche) at 0:26
5. Thunder , Pierre-Alexandre Parenteau 20 (Brandon Mashinter, Tim Gleason) at 9:51 (PP)
6. Wolves , Nathan Davis 26 (Nate Guenin, Chris Terry) at 13:21
7. Thunder , Tom Pyatt 22 (David Clarkson, Dany Roussin) at 16:54 (PP)
Penalties :
Mike Zigomanis (Min) for Hooking (Minor) at 1:08, Robin Leblanc (TRO) for Roughing (Minor) at 6:26, Nate Guenin (Min) for Roughing (Minor) at 9:05, David Clarkson (TRO) for Goalie Interference (Minor) at 9:58, Chris Terry (Min) for Hooking (Minor) at 15:33
3rd period
8. Wolves , Marc Methot 4 (Chris Neil, Chris Terry) at 8:12
Penalties :
Nathan Davis (Min) for Butt-ending (Major / Game Misconduct) at 3:04, Willie Mitchell (Min) for Hooking (Minor) at 8:28
Goalie Stats
Barry Brust (TRO), 15 saves from 19 shots - (0,789), L, 2-1-2, 33:21 minutes
Mark Dekanich (TRO), 11 saves from 12 shots - (0,917), 26:39 minutes
Jamie Storr (Min), 21 saves from 24 shots - (0,875), W, 25-18-4, 60:00 minutes
Players Stats for Thunder
Player Name G A P +/- PIM S H SB GA TA FO MP PP MP PK MP
------------------------------------------------------------------------------------
Brandon Mashinter 0 1 1 -3 0 1 2 0 0 0 5/12 19:34 5:02 0:53
Brett Festerling 0 0 0 -1 0 0 0 0 0 0 0/0 11:56 1:00 0:06
Casey Pierro-Zabotel 0 0 0 -3 0 0 2 0 0 1 0/0 20:28 4:52 1:31
Colby Cohen 0 0 0 0 0 0 0 0 0 0 0/0 0:00 0:00 0:00
Dany Roussin 1 1 2 0 0 4 0 0 1 1 2/2 24:32 6:01 1:55
David Clarkson 0 1 1 -2 2 5 3 0 1 0 2/4 25:13 6:01 0:47
David Fischer 0 0 0 0 0 0 0 1 0 0 0/0 4:36 0:00 0:00
Derek Peltier 0 0 0 1 0 0 1 0 0 0 0/0 19:31 5:32 1:48
Dmitri Orlov 0 0 0 0 0 0 0 0 0 0 0/0 0:24 0:24 0:00
Jannik Hansen 0 0 0 0 0 0 0 0 0 0 0/0 3:29 1:31 0:00
Jeff Finger 0 0 0 -4 0 1 1 2 1 2 0/0 25:36 6:42 2:10
Jesse Blacker 0 0 0 0 0 0 0 0 0 0 0/0 0:00 0:00 0:00
Joey Ryan 0 0 0 -1 0 0 0 0 0 0 0/0 10:36 0:49 0:00
Kelly Zajac 0 0 0 -1 0 0 0 0 0 0 3/4 14:11 1:35 0:06
Kevin Montgomery 0 0 0 0 0 0 0 2 0 0 0/0 4:36 0:00 0:00
Mat Clark 0 0 0 0 0 0 0 0 0 0 0/0 0:00 0:00 0:00
Matt D'Agostini 0 0 0 -1 0 1 2 0 3 0 0/0 11:46 0:21 0:26
Pierre-Alexandre Parente 1 1 2 -2 0 6 1 0 3 1 1/2 21:34 5:01 0:26
Ray Macias 0 1 1 1 0 1 0 0 0 0 0/0 19:12 5:32 1:48
Robin Leblanc 0 0 0 1 2 2 1 0 0 0 0/1 11:11 1:40 0:00
Tim Gleason 0 1 1 -4 0 0 2 1 1 2 0/0 25:36 6:42 2:10
Tom Pyatt 1 0 1 -1 0 3 1 3 1 0 12/28 21:59 6:30 1:46
Players Stats for Wolves
Player Name G A P +/- PIM S H SB GA TA FO MP PP MP PK MP
------------------------------------------------------------------------------------
Bruno Gervais 0 0 0 2 0 1 1 1 0 1 0/0 23:54 1:31 6:25
Chris Neil 1 1 2 2 0 7 2 0 3 0 1/2 16:20 1:44 0:12
Chris Terry 0 3 3 3 2 3 2 0 0 0 0/0 10:28 0:00 0:00
Dan Fritsche 0 1 1 1 0 1 1 0 1 1 5/11 18:02 1:44 5:10
Dmitry Kulikov 0 1 1 3 2 3 1 2 0 1 0/0 21:49 0:00 1:29
Geoff Paukovich 0 0 0 1 0 0 3 0 0 1 0/0 14:35 0:12 3:04
Johan Ryno 0 0 0 -1 0 2 1 0 0 0 0/0 7:51 0:11 0:00
Jonas Junland 0 0 0 -1 0 0 0 0 0 0 0/0 9:53 0:00 0:47
Kevin Veilleux 0 0 0 -1 0 0 3 0 0 0 1/2 8:52 0:00 1:25
Maksim Mayorov 0 0 0 -1 0 0 1 0 0 0 0/1 7:16 0:00 0:00
Marc Methot 1 0 1 2 0 1 0 0 0 4 0/0 21:16 1:31 5:04
Mike Sislo 0 0 0 1 0 2 1 0 0 1 0/0 16:31 2:02 0:35
Mike Zigomanis 0 1 1 1 2 3 1 0 1 0 16/28 21:55 2:03 5:17
Milan Bartovic 1 0 1 1 0 3 1 0 0 0 1/2 19:19 2:03 6:10
Nate Guenin 0 1 1 -1 2 1 1 0 1 1 0/0 17:55 2:27 6:26
Nathan Davis 2 0 2 2 15 2 2 0 1 1 4/6 10:01 0:11 0:59
Tim Crowder 0 1 1 3 0 2 1 2 0 0 0/1 15:27 1:44 3:14
Willie Mitchell 0 0 0 3 2 0 3 1 0 0 0/0 25:27 2:27 5:55
3 Stars
1 - Chris Neil (Min)
2 - Chris Terry (Min)
3 - Dany Roussin (TRO)
Power Play
Thunder - 2 on 6 Attempt(s) - 33,33%
Wolves - 0 on 2 Attempt(s) - 0,00%
Penalty Kill
Thunder - 2 on 2 Attempt(s) - 100,00%
- Score 0 goal in Penalty Kill
Wolves - 4 on 6 Attempt(s) - 66,67%
- Score 0 goal in Penalty Kill
Team Stat
Thunder - Hits : 16 - Faceoff Wins : 25 - Blocked Shots : 9 - Penalty Minutes : 4
Wolves - Hits : 25 - Faceoff Wins : 28 - Blocked Shots : 6 - Penalty Minutes : 25
Official
Referees : L'Ecuyer Frederick and Walkom Stephen
Linesman : Derek Nansen and Tim Nowak
Game Notes
Mark Dekanich enters game at 13:21 of 2nd period
Nathan Davis ejected from game at 3:04 of 3rd period
Finance
Level 1 -- Attendance: 1293 (64,65%) -- Ticket Income 45 255 $
Level 2 -- Attendance: 651 (65,10%) -- Ticket Income 9 765 $
Total Attendance: 1944 (64,80%)
Total Ticket Income: 55 020 $
Other Income: 2 751 $
Total Income: 57 771 $
Thunder
5 vs 5 Forward
Center Left Wing Right Wing Time % Phy DF OF
1 Tom Pyatt Dany Roussin David Clarkson 40 1 2 2
2 Brandon Mashinter Casey Pierro-Zabotel Pierre-Alexandre Parentea30 1 2 2
3 Kelly Zajac David Clarkson Matt D'Agostini 20 1 2 2
4 Dany Roussin Pierre-Alexandre ParenteaRobin Leblanc 10 1 2 2
5 vs 5 Defense
Defense Defense Time % Phy DF OF
1 Tim Gleason Jeff Finger 40 1 2 2
2 Derek Peltier Ray Macias 30 1 2 2
3 Joey Ryan Brett Festerling 20 1 2 2
4 David Fischer Kevin Montgomery 10 1 2 2
PowerPlay Forward
Center Left Wing Right Wing Time % Phy DF OF
1 Tom Pyatt Dany Roussin David Clarkson 60 1 2 2
2 Brandon Mashinter Casey Pierro-Zabotel Pierre-Alexandre Parentea40 1 2 2
PowerPlay Defense
Defense Defense Time % Phy DF OF
1 Tim Gleason Jeff Finger 60 1 2 2
2 Derek Peltier Ray Macias 40 1 2 2
Penalty Kill 4 Players Forward
Center Wing Time % Phy DF OF
1 David Clarkson Dany Roussin 60 1 2 2
2 Pierre-Alexandre ParenteaMatt D'Agostini 40 1 2 2
Penalty Kill 4 Players Defense
Defense Defense Time % Phy DF OF
1 Tim Gleason Jeff Finger 60 1 2 2
2 Derek Peltier Ray Macias 40 1 2 2
Penalty Kill - 3 Players Forward
Forward Time % Phy DF OF
1 David Clarkson 60 1 2 2
2 Dany Roussin 40 1 2 2
Penalty Kill - 3 Players Defense
Defense Defense Time % Phy DF OF
1 Tim Gleason Jeff Finger 60 1 2 2
2 Derek Peltier Ray Macias 40 1 2 2
4 vs 4 Forward
Center Wing Time % Phy DF OF
1 David Clarkson Dany Roussin 60 1 2 2
2 Pierre-Alexandre ParenteaMatt D'Agostini 40 1 2 2
4 vs 4 Defense
Defense Defense Time % Phy DF OF
1 Tim Gleason Jeff Finger 60 1 2 2
2 Derek Peltier Ray Macias 40 1 2 2
Last Minutes Offensive
Center Left Wing Right Wing Defense Defense
Tom Pyatt Dany Roussin David Clarkson Tim Gleason Jeff Finger
Last Minutes Defensive
Center Left Wing Right Wing Defense Defense
Tom Pyatt Dany Roussin David Clarkson Tim Gleason Jeff Finger
Goaltenders
Starting : Barry Brust
Backup : Mark Dekanich
Extra Forwards
Normal : Robin Leblanc, Kelly Zajac, Tom Pyatt - PP : Robin Leblanc, Kelly Zajac - PK : Tom Pyatt
Extra Defensemen
Normal : Joey Ryan, Brett Festerling, David Fischer - PP : Joey Ryan - PK : Brett Festerling, David Fischer
Penalty Shots
David Clarkson, Dany Roussin, Pierre-Alexandre Parenteau, Matt D'Agostini, Tom Pyatt
Wolves
5 vs 5 Forward
Center Left Wing Right Wing Time % Phy DF OF
1 Mike Zigomanis Mike Sislo Chris Neil 40 0 1 4
2 Dan Fritsche Geoff Paukovich Milan Bartovic 30 1 0 4
3 Nathan Davis Chris Terry Tim Crowder 20 1 1 3
4 Kevin Veilleux Maksim Mayorov Johan Ryno 10 2 1 2
5 vs 5 Defense
Defense Defense Time % Phy DF OF
1 Willie Mitchell Dmitry Kulikov 40 1 3 1
2 Bruno Gervais Marc Methot 30 1 3 1
3 Nate Guenin Jonas Junland 20 1 3 1
4 Bruno Gervais Dmitry Kulikov 10 1 3 1
PowerPlay Forward
Center Left Wing Right Wing Time % Phy DF OF
1 Mike Zigomanis Mike Sislo Milan Bartovic 60 0 0 5
2 Dan Fritsche Chris Neil Tim Crowder 40 0 0 5
PowerPlay Defense
Defense Defense Time % Phy DF OF
1 Willie Mitchell Nate Guenin 60 0 2 3
2 Bruno Gervais Marc Methot 40 0 2 3
Penalty Kill 4 Players Forward
Center Wing Time % Phy DF OF
1 Mike Zigomanis Milan Bartovic 60 1 3 1
2 Dan Fritsche Tim Crowder 40 1 3 1
Penalty Kill 4 Players Defense
Defense Defense Time % Phy DF OF
1 Willie Mitchell Nate Guenin 60 2 3 0
2 Bruno Gervais Marc Methot 40 2 3 0
Penalty Kill - 3 Players Forward
Forward Time % Phy DF OF
1 Mike Zigomanis 60 1 4 0
2 Milan Bartovic 40 2 3 0
Penalty Kill - 3 Players Defense
Defense Defense Time % Phy DF OF
1 Willie Mitchell Nate Guenin 60 3 2 0
2 Bruno Gervais Marc Methot 40 3 2 0
4 vs 4 Forward
Center Wing Time % Phy DF OF
1 Mike Zigomanis Milan Bartovic 60 1 1 3
2 Dan Fritsche Chris Neil 40 1 1 3
4 vs 4 Defense
Defense Defense Time % Phy DF OF
1 Willie Mitchell Nate Guenin 60 1 3 1
2 Bruno Gervais Marc Methot 40 1 3 1
Last Minutes Offensive
Center Left Wing Right Wing Defense Defense
Mike Zigomanis Mike Sislo Milan Bartovic Willie Mitchell Nate Guenin
Last Minutes Defensive
Center Left Wing Right Wing Defense Defense
Mike Zigomanis Mike Sislo Milan Bartovic Willie Mitchell Nate Guenin
Goaltenders
Starting : Jamie Storr
Backup : Loïc Lacasse
Extra Forwards
Normal : Mike Zigomanis, Chris Neil, Milan Bartovic - PP : Mike Zigomanis, Chris Neil - PK : Milan Bartovic
Extra Defensemen
Normal : Dmitry Kulikov, Willie Mitchell, Nate Guenin - PP : Dmitry Kulikov - PK : Willie Mitchell, Nate Guenin
Penalty Shots
Mike Zigomanis, Milan Bartovic, Dan Fritsche, Tim Crowder, Chris Neil
% Time on Ice - Thunder
Lines # - Real PCT - Wanted PCT - Time Play
Normal Forward
1 - 32% - 40% - 13:38
2 - 35% - 30% - 15:00
3 - 25% - 20% - 10:55
4 - 8% - 10% - 3:26
Normal Defense
1 - 39% - 40% - 16:44
2 - 28% - 30% - 11:52
3 - 23% - 20% - 9:47
4 - 11% - 10% - 4:36
PP Forward
1 - 61% - 60% - 7:57
2 - 39% - 40% - 5:06
PP Defense
1 - 54% - 60% - 7:06
2 - 46% - 40% - 5:57
PK Forward
1 - 89% - 60% - 3:32
2 - 11% - 40% - 0:26
PK Defense
1 - 55% - 60% - 2:10
2 - 45% - 40% - 1:48
PK3 Forward
1 - 0% - 60%
2 - 0% - 40%
PK3 Defense
1 - 0% - 60%
2 - 0% - 40%
44 Forward
1 - 0% - 60%
2 - 0% - 40%
44 Defense
1 - 0% - 60%
2 - 0% - 40%
Last Minute Offensive - 0:00
Last Minute Defensive - 0:00
Total
Forward - 60:00
Defense - 60:00
|
% Time on Ice - Wolves
Lines # - Real PCT - Wanted PCT - Time Play
Normal Forward
1 - 34% - 40% - 14:40
2 - 25% - 30% - 10:34
3 - 24% - 20% - 10:29
4 - 17% - 10% - 7:16
Normal Defense
1 - 42% - 40% - 17:59
2 - 32% - 30% - 13:36
3 - 21% - 20% - 9:06
4 - 5% - 10% - 2:18
PP Forward
1 - 56% - 60% - 2:14
2 - 44% - 40% - 1:44
PP Defense
1 - 62% - 60% - 2:27
2 - 38% - 40% - 1:31
PK Forward
1 - 75% - 60% - 9:49
2 - 25% - 40% - 3:14
PK Defense
1 - 61% - 60% - 7:54
2 - 39% - 40% - 5:09
PK3 Forward
1 - 0% - 60%
2 - 0% - 40%
PK3 Defense
1 - 0% - 60%
2 - 0% - 40%
44 Forward
1 - 0% - 60%
2 - 0% - 40%
44 Defense
1 - 0% - 60%
2 - 0% - 40%
Last Minute Offensive - 0:00
Last Minute Defensive - 0:00
Total
Forward - 60:00
Defense - 60:00
|
Play by Play
1st period
0:01 of 1st period - Mike Zigomanis wins face-off versus Tom Pyatt in neutral zone.
0:10 of 1st period - Wrist shot by Mike Zigomanis.
0:10 of 1st period - Shot Misses the Net.
0:12 of 1st period - Slapshot by Dmitry Kulikov.
0:12 of 1st period - Stopped by Barry Brust with a rebound.
0:14 of 1st period - Wrist shot by Chris Neil.
0:14 of 1st period - Stopped by Barry Brust without a rebound.
0:15 of 1st period - Dan Fritsche wins face-off versus Brandon Mashinter in Thunder zone.
0:16 of 1st period - Slapshot by Milan Bartovic.
0:16 of 1st period - Stopped by Barry Brust without a rebound.
0:17 of 1st period - Brandon Mashinter wins face-off versus Dan Fritsche in Thunder zone.
0:42 of 1st period - Derek Peltier is hit by Nathan Davis and loses puck.
1:06 of 1st period - Wrist shot by David Clarkson.
1:06 of 1st period - Shot Misses the Net.
1:14 of 1st period - Wrist shot by Chris Neil.
1:14 of 1st period - Stopped by Barry Brust without a rebound.
1:15 of 1st period - Kevin Veilleux wins face-off versus Tom Pyatt in Thunder zone.
1:44 of 1st period - Slapshot by Jeff Finger.
1:44 of 1st period - Shot Misses the Net.
2:14 of 1st period - Snap shot by Pierre-Alexandre Parenteau.
2:14 of 1st period - Shot Blocked by Dmitry Kulikov.
2:34 of 1st period - Slapshot by David Clarkson.
2:34 of 1st period - Stopped by Jamie Storr with a rebound.
3:41 of 1st period - Snap shot by Nate Guenin.
3:41 of 1st period - Shot Blocked by David Fischer.
4:03 of 1st period - Brett Festerling is hit by Mike Sislo.
4:29 of 1st period - Matt D'Agostini is hit by Geoff Paukovich and loses puck.
4:42 of 1st period - Robin Leblanc is hit by Kevin Veilleux and loses puck.
5:26 of 1st period - Slapshot by Milan Bartovic.
5:26 of 1st period - Shot Blocked by Tom Pyatt.
6:15 of 1st period - Icing by Derek Peltier.
6:16 of 1st period - Nathan Davis wins face-off versus Robin Leblanc in Thunder zone.
7:12 of 1st period - Snap shot by Johan Ryno.
7:12 of 1st period - Stopped by Barry Brust with a rebound.
7:20 of 1st period - Wrist shot by Nathan Davis.
7:20 of 1st period - Goal by Nathan Davis - Thunder : 0 - Wolves : 1.
7:21 of 1st period - Tom Pyatt wins face-off versus Mike Zigomanis in neutral zone.
7:24 of 1st period - Wrist shot by David Clarkson.
7:24 of 1st period - Shot Blocked by Willie Mitchell.
7:32 of 1st period - Snap shot by Chris Neil.
7:32 of 1st period - Goal by Chris Neil - Thunder : 0 - Wolves : 2.
7:33 of 1st period - Tom Pyatt wins face-off versus Mike Zigomanis in neutral zone.
8:07 of 1st period - Snap shot by Pierre-Alexandre Parenteau.
8:07 of 1st period - Shot Blocked by Dmitry Kulikov.
8:43 of 1st period - Snap shot by Pierre-Alexandre Parenteau.
8:43 of 1st period - Shot Misses the Net.
8:47 of 1st period - Wrist shot by Dany Roussin.
8:47 of 1st period - Goal by Dany Roussin - Thunder : 1 - Wolves : 2.
8:48 of 1st period - Mike Zigomanis wins face-off versus Tom Pyatt in neutral zone.
8:51 of 1st period - Snap shot by Chris Neil.
8:51 of 1st period - Shot Blocked by Tom Pyatt.
9:21 of 1st period - Snap shot by Pierre-Alexandre Parenteau.
9:21 of 1st period - Stopped by Jamie Storr with a rebound.
9:31 of 1st period - Snap shot by Tim Crowder.
9:31 of 1st period - Shot Misses the Net.
10:37 of 1st period - Kelly Zajac is hit by Chris Neil and loses puck.
11:08 of 1st period - Mike Sislo is hit by Matt D'Agostini and loses puck.
11:19 of 1st period - Snap shot by Matt D'Agostini.
11:19 of 1st period - Stopped by Jamie Storr with a rebound.
11:21 of 1st period - Snap shot by Robin Leblanc.
11:21 of 1st period - Stopped by Jamie Storr without a rebound.
11:22 of 1st period - David Clarkson wins face-off versus Dan Fritsche in Wolves zone.
11:23 of 1st period - Snap shot by Dany Roussin.
11:23 of 1st period - Deflect By David Clarkson.
11:23 of 1st period - Stopped by Jamie Storr without a rebound.
11:24 of 1st period - Tom Pyatt wins face-off versus Dan Fritsche in Wolves zone.
11:37 of 1st period - Snap shot by Dan Fritsche.
11:37 of 1st period - Shot Blocked by Tom Pyatt.
11:50 of 1st period - Off-side.
11:51 of 1st period - Nathan Davis wins face-off versus Brandon Mashinter in neutral zone.
11:59 of 1st period - Off-side.
12:00 of 1st period - Tom Pyatt wins face-off versus Dan Fritsche in neutral zone.
12:25 of 1st period - Brandon Mashinter is hit by Mike Zigomanis.
12:33 of 1st period - Snap shot by Mike Zigomanis.
12:33 of 1st period - Shot Blocked by Kevin Montgomery.
13:06 of 1st period - Icing by Nathan Davis.
13:07 of 1st period - Nathan Davis wins face-off versus Tom Pyatt in Wolves zone.
13:30 of 1st period - Wrist shot by Brandon Mashinter.
13:30 of 1st period - Shot Misses the Net.
13:33 of 1st period - Icing by Chris Neil.
13:34 of 1st period - Tom Pyatt wins face-off versus Mike Zigomanis in Wolves zone.
13:39 of 1st period - Slapshot by David Clarkson.
13:39 of 1st period - Stopped by Jamie Storr with a rebound.
13:41 of 1st period - Wrist shot by Dany Roussin.
13:41 of 1st period - Shot Misses the Net.
14:40 of 1st period - Wrist shot by Nathan Davis.
14:40 of 1st period - Shot Misses the Net.
14:42 of 1st period - Slapshot by Nate Guenin.
14:42 of 1st period - Shot Misses the Net.
14:44 of 1st period - Snap shot by Chris Terry.
14:44 of 1st period - Stopped by Barry Brust with a rebound.
16:26 of 1st period - Jeff Finger is hit by Chris Terry and loses puck.
16:43 of 1st period - David Clarkson is hit by Kevin Veilleux and loses puck.
17:00 of 1st period - Kelly Zajac is hit by Milan Bartovic and loses puck.
17:21 of 1st period - Snap shot by Robin Leblanc.
17:21 of 1st period - Stopped by Jamie Storr with a rebound.
17:27 of 1st period - Minor Penalty to Dmitry Kulikov for Boarding.
17:28 of 1st period - Mike Zigomanis wins face-off versus Brandon Mashinter in Wolves zone.
18:41 of 1st period - Pierre-Alexandre Parenteau is hit by Dan Fritsche and loses puck.
19:27 of 1st period - Penalty to Dmitry Kulikov is over, Dmitry Kulikov is back on ice.
19:40 of 1st period - Tim Gleason is hit by Chris Terry.
Goals for this period are 1 for Thunder vs 2 for Wolves.
Shots for this period are 8 for Thunder vs 8 for Wolves.
2nd period
0:01 of 2nd period - David Clarkson wins face-off versus Mike Zigomanis in neutral zone.
0:16 of 2nd period - Wrist shot by Mike Sislo.
0:16 of 2nd period - Stopped by Barry Brust without a rebound.
0:17 of 2nd period - Brandon Mashinter wins face-off versus Milan Bartovic in Thunder zone.
0:26 of 2nd period - Snap shot by Milan Bartovic.
0:26 of 2nd period - Goal by Milan Bartovic - Thunder : 1 - Wolves : 3.
0:27 of 2nd period - Mike Zigomanis wins face-off versus Tom Pyatt in neutral zone.
0:30 of 2nd period - Snap shot by Dmitry Kulikov.
0:30 of 2nd period - Shot Blocked by Tim Gleason.
0:32 of 2nd period - Snap shot by Dmitry Kulikov.
0:32 of 2nd period - Shot Misses the Net.
0:34 of 2nd period - Wrist shot by Mike Sislo.
0:34 of 2nd period - Stopped by Barry Brust with a rebound.
0:36 of 2nd period - Wrist shot by Chris Neil.
0:36 of 2nd period - Stopped by Barry Brust with a rebound.
0:38 of 2nd period - Wrist shot by Mike Zigomanis.
0:38 of 2nd period - Shot Misses the Net.
0:40 of 2nd period - Slapshot by Willie Mitchell.
0:40 of 2nd period - Shot Misses the Net.
0:42 of 2nd period - Slapshot by Dmitry Kulikov.
0:42 of 2nd period - Stopped by Barry Brust with a rebound.
1:03 of 2nd period - Snap shot by Tom Pyatt.
1:03 of 2nd period - Stopped by Jamie Storr without a rebound.
1:04 of 2nd period - Mike Zigomanis wins face-off versus Brandon Mashinter in Wolves zone.
1:08 of 2nd period - Minor Penalty to Mike Zigomanis for Hooking.
1:09 of 2nd period - Tom Pyatt wins face-off versus Dan Fritsche in Wolves zone.
1:23 of 2nd period - Snap shot by David Clarkson.
1:23 of 2nd period - Shot Misses the Net.
1:25 of 2nd period - Slapshot by Dany Roussin.
1:25 of 2nd period - Stopped by Jamie Storr with a rebound.
1:43 of 2nd period - Milan Bartovic is hit by Casey Pierro-Zabotel.
3:08 of 2nd period - Penalty to Mike Zigomanis is over, Mike Zigomanis is back on ice.
3:08 of 2nd period - Robin Leblanc is hit by Willie Mitchell and loses puck.
3:26 of 2nd period - Slapshot by Johan Ryno.
3:26 of 2nd period - Stopped by Barry Brust without a rebound.
3:27 of 2nd period - Kelly Zajac wins face-off versus Maksim Mayorov in Thunder zone.
5:02 of 2nd period - Dmitry Kulikov is hit by David Clarkson and loses puck.
5:13 of 2nd period - Brandon Mashinter is hit by Willie Mitchell and loses puck.
5:54 of 2nd period - Jeff Finger is hit by Kevin Veilleux and loses puck.
6:01 of 2nd period - David Clarkson is hit by Bruno Gervais and loses puck.
6:26 of 2nd period - Minor Penalty to Robin Leblanc for Roughing.
6:27 of 2nd period - Mike Zigomanis wins face-off versus David Clarkson in Thunder zone.
8:26 of 2nd period - Penalty to Robin Leblanc is over, Robin Leblanc is back on ice.
8:28 of 2nd period - Jeff Finger is hit by Nathan Davis and loses puck.
9:01 of 2nd period - Slapshot by Pierre-Alexandre Parenteau.
9:01 of 2nd period - Stopped by Jamie Storr without a rebound.
9:02 of 2nd period - Nathan Davis wins face-off versus Pierre-Alexandre Parenteau in Wolves zone.
9:02 of 2nd period - Nathan Davis is hit by Brandon Mashinter.
9:05 of 2nd period - Minor Penalty to Nate Guenin for Roughing.
9:06 of 2nd period - Tom Pyatt wins face-off versus Mike Zigomanis in Wolves zone.
9:10 of 2nd period - Snap shot by David Clarkson.
9:10 of 2nd period - Stopped by Jamie Storr without a rebound.
9:11 of 2nd period - Tom Pyatt wins face-off versus Mike Zigomanis in Wolves zone.
9:18 of 2nd period - Wrist shot by David Clarkson.
9:18 of 2nd period - Stopped by Jamie Storr without a rebound.
9:19 of 2nd period - Tom Pyatt wins face-off versus Mike Zigomanis in Wolves zone.
9:26 of 2nd period - Snap shot by David Clarkson.
9:26 of 2nd period - Shot Misses the Net.
9:51 of 2nd period - Backhand shot by Pierre-Alexandre Parenteau.
9:51 of 2nd period - Goal by Pierre-Alexandre Parenteau - Thunder : 2 - Wolves : 3.
9:52 of 2nd period - Mike Zigomanis wins face-off versus Tom Pyatt in neutral zone.
9:58 of 2nd period - Minor Penalty to David Clarkson for Goalie Interference.
9:59 of 2nd period - Mike Zigomanis wins face-off versus Tom Pyatt in Thunder zone.
11:02 of 2nd period - Bruno Gervais is hit by Tim Gleason and loses puck.
11:58 of 2nd period - Penalty to David Clarkson is over, David Clarkson is back on ice.
12:06 of 2nd period - Kelly Zajac is hit by Maksim Mayorov and loses puck.
12:13 of 2nd period - Johan Ryno is hit by Matt D'Agostini and loses puck.
12:29 of 2nd period - Icing by Pierre-Alexandre Parenteau.
12:30 of 2nd period - Dany Roussin wins face-off versus Nathan Davis in Thunder zone.
12:56 of 2nd period - Jeff Finger is hit by Willie Mitchell and loses puck.
13:11 of 2nd period - Snap shot by Chris Terry.
13:11 of 2nd period - Stopped by Barry Brust with a rebound.
13:13 of 2nd period - Snap shot by Tim Crowder.
13:13 of 2nd period - Stopped by Barry Brust with a rebound.
13:15 of 2nd period - Slapshot by Chris Terry.
13:15 of 2nd period - Stopped by Barry Brust with a rebound.
13:17 of 2nd period - Slapshot by Nate Guenin.
13:17 of 2nd period - Deflect By Jeff Finger.
13:17 of 2nd period - Stopped by Barry Brust with a rebound.
13:19 of 2nd period - Snap shot by Nate Guenin.
13:19 of 2nd period - Shot Blocked by Jeff Finger.
13:21 of 2nd period - Wrist shot by Nathan Davis.
13:21 of 2nd period - Goal by Nathan Davis - Thunder : 2 - Wolves : 4.
13:21 of 2nd period - Mark Dekanich enters game.
13:22 of 2nd period - Brandon Mashinter wins face-off versus Mike Zigomanis in neutral zone.
14:37 of 2nd period - Icing by Bruno Gervais.
14:38 of 2nd period - Chris Neil wins face-off versus Brandon Mashinter in Wolves zone.
14:38 of 2nd period - Chris Neil is hit by Casey Pierro-Zabotel.
15:04 of 2nd period - Willie Mitchell is hit by David Clarkson and loses puck.
15:33 of 2nd period - Minor Penalty to Chris Terry for Hooking.
15:34 of 2nd period - Mike Zigomanis wins face-off versus Tom Pyatt in Wolves zone.
16:02 of 2nd period - Wrist shot by Tim Gleason.
16:02 of 2nd period - Shot Misses the Net.
16:04 of 2nd period - Snap shot by Pierre-Alexandre Parenteau.
16:04 of 2nd period - Stopped by Jamie Storr without a rebound.
16:05 of 2nd period - Dany Roussin wins face-off versus Tim Crowder in Wolves zone.
16:12 of 2nd period - Slapshot by Dany Roussin.
16:12 of 2nd period - Stopped by Jamie Storr without a rebound.
16:13 of 2nd period - Mike Zigomanis wins face-off versus Tom Pyatt in Wolves zone.
16:40 of 2nd period - Snap shot by Mike Zigomanis.
16:40 of 2nd period - Stopped by Mark Dekanich with a rebound.
16:42 of 2nd period - Snap shot by Dan Fritsche.
16:42 of 2nd period - Stopped by Mark Dekanich without a rebound.
16:43 of 2nd period - Dan Fritsche wins face-off versus Tom Pyatt in Thunder zone.
16:54 of 2nd period - Snap shot by Tom Pyatt.
16:54 of 2nd period - Goal by Tom Pyatt - Thunder : 3 - Wolves : 4.
16:55 of 2nd period - Tom Pyatt wins face-off versus Chris Neil in neutral zone.
17:20 of 2nd period - Geoff Paukovich is hit by Tim Gleason and loses puck.
18:30 of 2nd period - Wrist shot by Dan Fritsche.
18:30 of 2nd period - Deflect By Geoff Paukovich.
18:30 of 2nd period - Shot Misses the Net.
18:30 of 2nd period - Puck is out of play.
18:31 of 2nd period - Dan Fritsche wins face-off versus Kelly Zajac in Thunder zone.
18:32 of 2nd period - Wrist shot by Milan Bartovic.
18:32 of 2nd period - Shot Blocked by Jeff Finger.
18:42 of 2nd period - David Clarkson is hit by Geoff Paukovich and loses puck.
18:55 of 2nd period - Brandon Mashinter is hit by Nate Guenin and loses puck.
19:06 of 2nd period - Snap shot by Chris Neil.
19:06 of 2nd period - Stopped by Mark Dekanich with a rebound.
19:08 of 2nd period - Slapshot by Dmitry Kulikov.
19:08 of 2nd period - Stopped by Mark Dekanich without a rebound.
19:09 of 2nd period - Milan Bartovic wins face-off versus Tom Pyatt in Thunder zone.
19:41 of 2nd period - Wrist shot by Pierre-Alexandre Parenteau.
19:41 of 2nd period - Shot Misses the Net.
19:47 of 2nd period - Brett Festerling is hit by Chris Neil and loses puck.
Goals for this period are 2 for Thunder vs 2 for Wolves.
Shots for this period are 9 for Thunder vs 15 for Wolves.
3rd period
0:01 of 3rd period - Mike Zigomanis wins face-off versus Tom Pyatt in neutral zone.
1:44 of 3rd period - Slapshot by Mike Zigomanis.
1:44 of 3rd period - Stopped by Mark Dekanich with a rebound.
1:46 of 3rd period - Snap shot by Mike Zigomanis.
1:46 of 3rd period - Shot Misses the Net.
2:18 of 3rd period - Snap shot by Nathan Davis.
2:18 of 3rd period - Shot Misses the Net.
2:20 of 3rd period - Slapshot by Bruno Gervais.
2:20 of 3rd period - Deflect By Robin Leblanc.
2:20 of 3rd period - Stopped by Mark Dekanich without a rebound.
2:21 of 3rd period - Kelly Zajac wins face-off versus Nathan Davis in Thunder zone.
2:57 of 3rd period - Wrist shot by Nathan Davis.
2:57 of 3rd period - Shot Misses the Net.
3:04 of 3rd period - Major / Game Misconduct Penalty to Nathan Davis for Butt-ending.
3:04 of 3rd period - Nathan Davis is ejected from game.
3:05 of 3rd period - Mike Zigomanis wins face-off versus David Clarkson in Wolves zone.
3:15 of 3rd period - Milan Bartovic is hit by Tom Pyatt and loses puck.
3:30 of 3rd period - Snap shot by Pierre-Alexandre Parenteau.
3:30 of 3rd period - Stopped by Jamie Storr without a rebound.
3:31 of 3rd period - Mike Zigomanis wins face-off versus Brandon Mashinter in Wolves zone.
3:31 of 3rd period - Mike Zigomanis is hit by Brandon Mashinter.
4:10 of 3rd period - Slapshot by Tim Gleason.
4:10 of 3rd period - Shot Blocked by Tim Crowder.
5:25 of 3rd period - Marc Methot is hit by Derek Peltier.
6:22 of 3rd period - Geoff Paukovich is hit by Robin Leblanc and loses puck.
7:55 of 3rd period - Marc Methot is hit by Jeff Finger and loses puck.
8:04 of 3rd period - Penalty to Nathan Davis is over, Chris Neil is send on ice.
8:10 of 3rd period - Snap shot by Chris Neil.
8:10 of 3rd period - Stopped by Mark Dekanich with a rebound.
8:12 of 3rd period - Slapshot by Marc Methot.
8:12 of 3rd period - Goal by Marc Methot - Thunder : 3 - Wolves : 5.
8:13 of 3rd period - Tom Pyatt wins face-off versus Mike Zigomanis in neutral zone.
8:26 of 3rd period - Snap shot by Tom Pyatt.
8:26 of 3rd period - Stopped by Jamie Storr with a rebound.
8:28 of 3rd period - Minor Penalty to Willie Mitchell for Hooking.
8:29 of 3rd period - Mike Zigomanis wins face-off versus Tom Pyatt in Wolves zone.
8:40 of 3rd period - Wrist shot by David Clarkson.
8:40 of 3rd period - Shot Misses the Net.
8:42 of 3rd period - Slapshot by Jeff Finger.
8:42 of 3rd period - Shot Misses the Net.
8:44 of 3rd period - Snap shot by Tom Pyatt.
8:44 of 3rd period - Shot Misses the Net.
9:00 of 3rd period - Wrist shot by Pierre-Alexandre Parenteau.
9:00 of 3rd period - Shot Blocked by Tim Crowder.
9:02 of 3rd period - Wrist shot by Jeff Finger.
9:02 of 3rd period - Stopped by Jamie Storr with a rebound.
10:28 of 3rd period - Penalty to Willie Mitchell is over, Willie Mitchell is back on ice.
11:00 of 3rd period - Off-side.
11:01 of 3rd period - Kelly Zajac wins face-off versus Mike Zigomanis in neutral zone.
11:29 of 3rd period - Jonas Junland is hit by David Clarkson and loses puck.
12:06 of 3rd period - Brett Festerling is hit by Geoff Paukovich.
12:28 of 3rd period - Icing by Willie Mitchell.
12:29 of 3rd period - Pierre-Alexandre Parenteau wins face-off versus Mike Zigomanis in Wolves zone.
12:34 of 3rd period - Wrist shot by Brandon Mashinter.
12:34 of 3rd period - Stopped by Jamie Storr without a rebound.
12:35 of 3rd period - Dan Fritsche wins face-off versus Brandon Mashinter in Wolves zone.
12:40 of 3rd period - Off-side.
12:41 of 3rd period - Dan Fritsche wins face-off versus Tom Pyatt in neutral zone.
13:09 of 3rd period - Snap shot by Chris Neil.
13:09 of 3rd period - Stopped by Mark Dekanich without a rebound.
13:10 of 3rd period - Brandon Mashinter wins face-off versus Mike Zigomanis in Thunder zone.
13:25 of 3rd period - Slapshot by Mike Zigomanis.
13:25 of 3rd period - Deflect By Mike Sislo.
13:25 of 3rd period - Shot Misses the Net.
13:25 of 3rd period - Puck is out of play.
13:26 of 3rd period - Tom Pyatt wins face-off versus Dan Fritsche in Thunder zone.
14:02 of 3rd period - Slapshot by Ray Macias.
14:02 of 3rd period - Stopped by Jamie Storr without a rebound.
14:03 of 3rd period - Mike Zigomanis wins face-off versus Tom Pyatt in Wolves zone.
14:32 of 3rd period - Snap shot by Pierre-Alexandre Parenteau.
14:32 of 3rd period - Shot Blocked by Bruno Gervais.
14:38 of 3rd period - Slapshot by Pierre-Alexandre Parenteau.
14:38 of 3rd period - Stopped by Jamie Storr without a rebound.
14:39 of 3rd period - Mike Zigomanis wins face-off versus Tom Pyatt in Wolves zone.
14:44 of 3rd period - Tom Pyatt is hit by Dmitry Kulikov.
14:48 of 3rd period - Snap shot by Dany Roussin.
14:48 of 3rd period - Stopped by Jamie Storr with a rebound.
15:15 of 3rd period - Snap shot by Pierre-Alexandre Parenteau.
15:15 of 3rd period - Shot Misses the Net.
15:27 of 3rd period - Dany Roussin is hit by Tim Crowder and loses puck.
15:47 of 3rd period - Slapshot by Mike Zigomanis.
15:47 of 3rd period - Stopped by Mark Dekanich without a rebound.
15:48 of 3rd period - Brandon Mashinter wins face-off versus Kevin Veilleux in Thunder zone.
15:53 of 3rd period - Slapshot by Derek Peltier.
15:53 of 3rd period - Shot Hit the Post.
16:17 of 3rd period - Tim Crowder is hit by Pierre-Alexandre Parenteau and loses puck.
16:44 of 3rd period - Snap shot by Chris Neil.
16:44 of 3rd period - Shot Misses the Net.
17:06 of 3rd period - Wrist shot by Tim Crowder.
17:06 of 3rd period - Stopped by Mark Dekanich with a rebound.
17:22 of 3rd period - Slapshot by Milan Bartovic.
17:22 of 3rd period - Shot Blocked by Kevin Montgomery.
17:24 of 3rd period - Slapshot by Bruno Gervais.
17:24 of 3rd period - Shot Misses the Net.
17:26 of 3rd period - Snap shot by Geoff Paukovich.
17:26 of 3rd period - Deflect By Milan Bartovic.
17:26 of 3rd period - Stopped by Mark Dekanich with a rebound.
19:32 of 3rd period - Brett Festerling is hit by Johan Ryno and loses puck.
Goals for this period are 0 for Thunder vs 1 for Wolves.
Shots for this period are 7 for Thunder vs 8 for Wolves.
Output by the SimonT Hockey Simulator (STHS) for François Prévost -- Original Page W3C XHTML 1.0 Valid